 Dungeon Crawl Stone Soup version 0.27-a0-277-g024f7ef292 (webtiles) character file.

Game seed: 2273883775660622482

947 Borgoz the Cudgeller (level 8, -3/44 HPs)
             Began as a Gargoyle Gladiator on Feb 5, 2021.
             Slain by Maggie
             ... wielding a +2 morningstar of flaming
              (5 damage)
             ... on level 6 of the Dungeon.
             The game lasted 00:05:22 (5263 turns).

Borgoz the Cudgeller (Gargoyle Gladiator)           Turns: 5263, Time: 00:05:23

Health: -3/44      AC: 21    Str: 18    XL:     8   Next: 13%
Magic:  8/8        EV:  9    Int:  9    God:
Gold:   313        SH:  0    Dex: 11    Spells: 7/7 levels left

rFire    + . .     SeeInvis .   x - +0 flail
rCold    + + .     Faith    .   (no shield)
rNeg     + . .     Spirit   .   f - +3 chain mail
rPois    ∞         Reflect  .   c - +0 helmet
rElec    +         Harm     .   (no cloak)
rCorr    +         Rampage  .   o - +1 pair of gloves
Will     .....     Rnd*Tele +   (no boots)
Stlth    ..........             (no amulet)
HPRegen  0.14/turn              v - ring of teleportation (curse)
MPRegen  0.11/turn              (no ring)

@: mighty, resistant, mesmerised
A: clumsy 1, cold resistance 1, frail 1, negative energy resistance 1,
electricity resistance, unbreathing, petrification resistance, miasma immunity,
AC +5
a: no special abilities


You were on level 6 of the Dungeon.
You visited 1 branch of the dungeon, and saw 6 of its levels.

You collected 335 gold pieces.
You spent 22 gold pieces at shops.

Inventory:

Hand Weapons
 k - a +0 morningstar
 x - a +0 flail (weapon)
Missiles
 d - 2 throwing nets (quivered)
Armour
 c - a +0 helmet (worn)
 f - a +3 chain mail (worn)
 o - a +1 pair of gloves (worn)
Jewellery
 s - an uncursed ring of flight
 v - a cursed ring of teleportation (left hand)
Wands
 u - a wand of mindburst (15)
 w - a wand of acid (7)
Scrolls
 a - a scroll of fog {unknown}
 g - a scroll of noise {unknown}
 h - a scroll of blinking
 i - 3 scrolls of remove curse
 n - 3 scrolls of enchant weapon
 t - a scroll of teleportation
 z - a scroll of enchant armour
Potions
 e - a potion of haste
 j - 3 potions of flight
 m - a potion of brilliance
 r - a potion of mutation


   Skills:
 + Level 5.3 Fighting
 + Level 5.3 Maces & Flails
 - Level 1.7 Throwing
 + Level 4.7 Armour
 + Level 4.4 Dodging


You had 7 spell levels left.
You didn't know any spells.
Your spell library contained the following spells:

 Spells                   Type           Power        Failure   Level
 Corona                   Hex            0%           99%         1
 Ensorcelled Hibernation  Hex/Ice        0%           100%        2
 Confusing Touch          Hex            0%           100%        3
 Dazzling Flash           Conj/Hex       0%           100%        3
 Gell's Gravitas          Tloc           0%           100%        3
 Tukima's Dance           Hex            0%           100%        3
 Petrify                  Tmut/Erth      0%           100%        4
 Metabolic Englaciation   Hex/Ice        0%           100%        5
 Yara's Violent Unravell  Hex/Tmut       0%           100%        5


Dungeon Overview and Level Annotations

Branches:
Dungeon (6/15)
 Temple: D:4-7

Altars:
Ashenzari
Cheibriados
Makhleb
Qazlal
Ru
Zin

Shops:
D:4 ?

Annotations:
D:6 Maggie


Innate Abilities, Weirdness & Mutations

You are resistant to torment.
Your stone body is resilient. (AC +5)
You are immune to poison.
You resist negative energy. (rN+)
You are resistant to electric shocks. (rElec)
You can survive without breathing.
You are immune to petrification.
You are immune to miasma.
You are clumsy. (Dex -2)
Your flesh is cold resistant. (rC+)
You are frail. (-10% HP)


Message History

The bolt of fire hits you!
* * * LOW HITPOINT WARNING * * *
The orc barely misses you. The orc priest completely misses you.
It was a potion of mutation.
You feel extremely strange.
You feel clumsy.
You feel frail.
You feel resistant to cold.
Maggie hits you with a +2 morningstar of flaming!
* * * LOW HITPOINT WARNING * * *
Maggie burns you.
* * * LOW HITPOINT WARNING * * *
The orc closely misses you. The orc hits you but does no damage.
The orc priest hits you but does no damage.
It was a potion of resistance.
You feel protected.
Maggie mumbles some strange words.
Maggie draws you further into her thrall.
The orc hits you but does no damage. The orc barely misses you.
The orc priest looks satisfied for a moment.
It was a potion of berserk rage.
You are too mesmerised to rage.
Maggie hits you with a +2 morningstar of flaming.
You die...

#.
#..##..........
#..#..###...#####
#..#..###...#####
#.......'...'...#
##....###...###.#
#....<.......#
#....#######.#
#.#..# ##)#
#.#..# #o@# #
#........o@#
..........o#
##..#####....
.... ..#.. ..>#
####..# #..# #..#


You could see Maggie (mesmerising), an orc priest and 2 orcs.

Vanquished Creatures
  Sigmund (D:3)
  An orc warrior (D:5)
  A sky beast (D:3)
  A phantom (D:4)
  The ghost of sanka the Ducker, an amateur SpAK of Lugonu (D:4)
  A howler monkey (D:4)
  3 hounds
  A centaur skeleton (D:5)
  An orc wizard (D:5)
  2 worker ants (D:5)
  A hound zombie (D:6)
  A hound skeleton (D:4)
  A howler monkey skeleton (D:4)
  7 adders
  A shadow imp (D:5)
  An ufetubus (D:5)
  An ooze (D:2)
  An adder zombie (D:5)
  3 worms
  A dart slug (D:4)
  2 leopard geckos
  10 orcs
  2 ball pythons (D:1)
  3 giant cockroaches
  6 hobgoblins
  7 jackals
  2 quokkas
  8 bats
  9 frilled lizards
  10 goblins
  11 kobolds
  A quokka skeleton (D:4)
  12 rats
114 creatures vanquished.

Vanquished Creatures (others)
  An orc (D:6)
1 creature vanquished.

Grand Total: 115 creatures vanquished

Notes
Turn   | Place    | Note
-------+----------+-------------------------------------------
     0 | D:1      | Borgoz the Gargoyle Gladiator began the quest for the Orb.
     0 | D:1      | Reached XP level 1. HP: 12/12 MP: 1/1
   243 | D:1      | Reached XP level 2. HP: 17/18 MP: 2/2
   320 | D:1      | Reached skill level 1 in Armour
   436 | D:1      | Reached XP level 3. HP: 17/22 MP: 3/3
   864 | D:2      | Found a sacrificial altar of Ru.
  1055 | D:2      | Noticed a water elemental
  1060 | D:2      | Found a stormy altar of Qazlal.
  1061 | D:2      | Noticed a fire elemental
  1061 | D:2      | Noticed an earth elemental
  1061 | D:2      | Noticed an air elemental
  1659 | D:2      | Reached XP level 4. HP: 21/28 MP: 4/4
  1915 | D:3      | Noticed Sigmund
  1927 | D:3      | Killed Sigmund
  1928 | D:3      | Reached XP level 5. HP: 11/33 MP: 5/5
  2280 | D:3      | Reached XP level 6. HP: 36/38 MP: 6/6
  2423 | D:3      | Noticed a sky beast
  2458 | D:3      | Killed a sky beast
  2972 | D:3      | Found a glowing silver altar of Zin.
  3294 | D:4      | Found a runed translucent gate.
  3336 | D:4      | Found Cyzarch's Magic Scroll Shop.
  3525 | D:4      | Reached XP level 7. HP: 40/44 MP: 7/7
  3730 | D:4      | Bought a scroll of identify for 22 gold pieces
  3740 | D:4      | Found a broken altar of Ashenzari.
  3841 | D:4      | Found a runed translucent gate.
  3841 | D:4      | Found a runed translucent gate.
  3842 | D:4      | Noticed sanka's ghost (amateur SpAK)
  3949 | D:4      | Killed sanka's ghost
  4227 | D:4      | Found a burning altar of Makhleb.
  4333 | D:5      | Entered Level 5 of the Dungeon
  4517 | D:5      | Reached skill level 5 in Maces & Flails
  4566 | D:5      | Reached skill level 5 in Fighting
  4584 | D:5      | Reached XP level 8. HP: 20/49 MP: 8/8
  5062 | D:5      | Found a snail-covered altar of Cheibriados.
  5250 | D:6      | Noticed Maggie
  5261 | D:6      | Gained mutation: You are clumsy. (Dex -2) [potion of
                  | mutation]
  5261 | D:6      | Gained mutation: You are frail. (-10% HP) [potion of
                  | mutation]
  5261 | D:6      | Gained mutation: Your flesh is cold resistant. (rC+)
                  | [potion of mutation]
  5261 | D:6      | HP: 1/44 [Maggie/+2 morningstar of flaming (3)]
  5263 | D:6      | Slain by Maggie

Illustrated notes

Levels and vault maps discovered:
D:1:      matt_arrival_spirals, layout_basic, minmay_misc_feat_nine_boxes,
          minmay_nonomino_d4
D:2:      minmay_chambers_of_ones, layout_basic, nicolae_overflow_crystal_walls,
          nicolae_qazlal_style_of_elements
D:3:      layout_loops_ring, zin_academy, uniq_sigmund
D:4:      layout_cave_pools, evilmike_ruin_ashenzari,
          nicolae_overflow_hidden_temple, gammafunk_ghost_necromancy,
          serial_shops, shop, kennysheep_another_room
D:5:      layout_gridville, lemuel_coloured_pillars_altar
D:6:      layout_basic, riverfiend_overflow_shadow_ancestor, uniq_maggie,
          uniq_menkaure, uniq_crazy_yiuf_cottage, uniq_edmund, uniq_pikel

Skill      XL: |  1  2  3  4  5  6  7 |
---------------+----------------------+-----
Armour         | 1 2 3 4 |  4.7
Fighting       | 3 4 5 |  5.3
Maces & Flails | 4 5 |  5.3
Dodging        | 3 4 |  4.4
Throwing       | |  1.7

Action                   |  1- 3 |  4- 6 |  7- 9 || total
-------------------------+-------+-------+-------++-------
Melee: Flail             |   139 |   206 |    45 ||   390
       Morningstar       |       |       |   189 ||   189
Throw: Throwing net      |       |     3 |       ||     3
  Use: Scroll            |       |    10 |     2 ||    12
       Potion            |       |       |     5 ||     5
 Stab: Held in net/web   |       |     1 |       ||     1
       Sleeping          |       |     1 |       ||     1
Armor: Leather armour    |    79 |    73 |       ||   152
       Chain mail        |       |    97 |   280 ||   377
Dodge: Dodged            |   136 |   159 |   184 ||   479

Table legend: (Time is in decaauts)
 A = Elapsed time spent in this place.
 B = Non-inter-level travel time spent in this place.
 C = Inter-level travel time spent in this place.
 D = Time resting spent in this place.
 E = Time spent auto-exploring this place.
 F = Levels seen in this place.
 G = Mean time per level.
                   A        B        C        D        E       F      G
               +--------+--------+--------+--------+--------+-----+--------+
         Total |   5388 |   5308 |     80 |    708 |   3444 |   6 |  898.0 |
       Dungeon |   5388 |   5308 |     80 |    708 |   3444 |   6 |  898.0 |
               +--------+--------+--------+--------+--------+-----+--------+

Top non-repeatable levels by time:
     D:4: 1271 daAuts
     D:3: 1229 daAuts
     D:2: 1120 daAuts
     D:5: 914 daAuts
     D:1: 815 daAuts
     D:6: 37 daAuts
